TOP OF THE 1ST |
Waba Ducks batting - Pitching for Indiana Hounds : RHP Bob Cunningham
|
Pitching: RHP Bob Cunningham
|
|
Batting: LHB Daniel Carter
|
0-0: Ball 1-0: SOLO HOME RUN (Flyball, 8RXD), Distance : 403 ft
|
Batting: RHB Pedro Molina
|
0-0: Ball 1-0: Called Strike 1-1: Called Strike 1-2: Ball 2-2: Foul Ball, location: 2F 2-2: Foul Ball, location: 2F 2-2: Foul Ball, location: 2F 2-2: Ball 3-2: Foul Ball, location: 2F 3-2: DOUBLE (Line Drive, 9D)
|
Batting: LHB Sammy Marshall
|
0-0: Ball 1-0: Ball 2-0: Ball 3-0: Base on Balls
|
Batting: RHB Tony Morton
|
0-0: Swinging Strike 0-1: Swinging Strike 0-2: Ball 1-2: Foul Ball, location: 2F 1-2: Fly out, F2 (Popup, 56S)
|
Batting: LHB Howard Evans
|
0-0: Ball 1-0: Ball 2-0: Fly out, F9 (Flyball, 89M)
|
Batting: RHB Jeremy Flemming
|
0-0: Ball 1-0: Fielders Choice at 2nd, 6-4 (Groundball, 6)
|
Top of the 1st over - 1 run(s), 2 hit(s), 0 error(s), 1 left on base; Waba 1 - Indiana 0 |
BOTTOM OF THE 1ST |
Indiana Hounds batting - Pitching for Waba Ducks : RHP Miguel Guerrero
|
Pitching: RHP Miguel Guerrero
|
|
Batting: RHB Javier Martínez
|
0-0: SINGLE (Groundball, 4MD)
|
Batting: RHB Danny Walker
|
0-0: Reached on error, E6 (Groundball, 6M) Javier Martínez to second
|
Batting: RHB Jeff Jones
|
0-0: Ball 1-0: DOUBLE (Flyball, 8LXD) Javier Martínez scores Danny Walker to third
|
Batting: LHB Denny Poole
|
0-0: Ball 1-0: Ball 2-0: Foul Ball, location: 2F 2-1: Ball 3-1: Swinging Strike 3-2: Strikes out swinging
|
Batting: RHB Octávio Marín
|
0-0: Ball 1-0: Fly out, F7 (Line Drive, 78M) Runner from 3rd tags up, SCORES, throw made
|
Batting: LHB Dave Watson
|
0-0: Ball 1-0: Foul Ball, location: 2F 1-1: Swinging Strike 1-2: Strikes out swinging
|
Bottom of the 1st over - 2 run(s), 2 hit(s), 1 error(s), 1 left on base; Waba 1 - Indiana 2 |
TOP OF THE 2ND |
Waba Ducks batting - Pitching for Indiana Hounds : RHP Bob Cunningham
|
Batting: RHB Kelly Graham
|
0-0: Called Strike 0-1: Ball 1-1: Swinging Strike 1-2: Fly out, F8 (Flyball, 78M)
|
Batting: RHB Paul Spencer
|
0-0: Ball 1-0: Called Strike 1-1: Called Strike 1-2: Strikes out looking
|
Batting: SHB Alex Aguilar
|
0-0: Ball 1-0: Foul Ball, location: 2F 1-1: Ground out 4-3 (Groundball, 4)
|
Top of the 2nd over - 0 run(s), 0 hit(s), 0 error(s), 0 left on base; Waba 1 - Indiana 2 |
BOTTOM OF THE 2ND |
Indiana Hounds batting - Pitching for Waba Ducks : RHP Miguel Guerrero
|
Batting: LHB Pete Carter
|
0-0: Foul Ball, location: 2F 0-1: Ball 1-1: Fly out, F8 (Line Drive, 8RM)
|
Batting: RHB Francisco Tañón
|
0-0: Swinging Strike 0-1: Called Strike 0-2: Ball 1-2: Foul Ball, location: 2F 1-2: Strikes out swinging
|
Batting: LHB Pepe Vázquez
|
0-0: Ball 1-0: Ball 2-0: Called Strike 2-1: Ball 3-1: Base on Balls
|
Batting: RHB Javier Martínez
|
0-0: Called Strike 0-1: Swinging Strike 0-2: Foul Ball, location: 2F 0-2: Ball 1-2: Ball 2-2: Fielders Choice at 2nd, 6-4 (Groundball, 6)
|
Bottom of the 2nd over - 0 run(s), 0 hit(s), 0 error(s), 0 left on base; Waba 1 - Indiana 2 |
TOP OF THE 3RD |
Waba Ducks batting - Pitching for Indiana Hounds : RHP Bob Cunningham
|
Batting: LHB Daniel Carter
|
0-0: Called Strike 0-1: Ball 1-1: Ball 2-1: Swinging Strike 2-2: Ball 3-2: Reached on error, E7 (Flyball, 7S)
|
Batting: RHB Pedro Molina
|
0-0: Foul Ball, location: 2F 0-1: Ball 1-1: Ball 2-1: Fly out, F8 (Flyball, 8LD)
|
Batting: LHB Sammy Marshall
|
0-0: Ball 1-0: Fly out, F8 (Flyball, 8LM)
|
Batting: RHB Tony Morton
|
0-0: Called Strike 0-1: Foul Ball, location: 2F 0-2: Ball 1-2: Ball 2-2: SINGLE (Flyball, 89S) Daniel Carter to second
|
Batting: LHB Howard Evans
|
0-0: Ball 1-0: Foul Ball, location: 2F 1-1: Ball 2-1: Fly out, F8 (Flyball, 78M)
|
Top of the 3rd over - 0 run(s), 1 hit(s), 1 error(s), 2 left on base; Waba 1 - Indiana 2 |
BOTTOM OF THE 3RD |
Indiana Hounds batting - Pitching for Waba Ducks : RHP Miguel Guerrero
|
Batting: RHB Danny Walker
|
0-0: Called Strike 0-1: Foul Ball, location: 2F 0-2: Fly out, F9 (Flyball, 9S)
|
Batting: RHB Jeff Jones
|
0-0: Ball 1-0: Called Strike 1-1: Swinging Strike 1-2: Strikes out swinging
|
Batting: LHB Denny Poole
|
0-0: Called Strike 0-1: Foul Ball, location: 2F 0-2: Foul Ball, location: 2F 0-2: Ball 1-2: Strikes out swinging
|
Bottom of the 3rd over - 0 run(s), 0 hit(s), 0 error(s), 0 left on base; Waba 1 - Indiana 2 |
TOP OF THE 4TH |
Waba Ducks batting - Pitching for Indiana Hounds : RHP Bob Cunningham
|
Batting: RHB Jeremy Flemming
|
0-0: Ground out 6-3 (Groundball, 6S)
|
Batting: RHB Kelly Graham
|
0-0: Called Strike 0-1: Ground out 5-3 (Groundball, 56)
|
Batting: RHB Paul Spencer
|
0-0: Foul Ball, location: 2F 0-1: SINGLE (Line Drive, 78M)
|
Batting: SHB Alex Aguilar
|
0-0: Foul Ball, location: 2F 0-1: Fly out, F8 (Flyball, 8RS)
|
Top of the 4th over - 0 run(s), 1 hit(s), 0 error(s), 1 left on base; Waba 1 - Indiana 2 |
BOTTOM OF THE 4TH |
Indiana Hounds batting - Pitching for Waba Ducks : RHP Miguel Guerrero
|
Batting: RHB Octávio Marín
|
0-0: Swinging Strike 0-1: Foul Ball, location: 2F 0-2: Ball 1-2: Ball 2-2: Ball 3-2: Foul Ball, location: 2F 3-2: Strikes out swinging
|
Batting: LHB Dave Watson
|
0-0: Ball 1-0: SINGLE (Groundball, 3) (infield hit)
|
Batting: LHB Pete Carter
|
0-0: Called Strike 0-1: Fly out, F4 (Line Drive, 4) Lined into DP, 4-3 (Line Drive, 4)
|
Bottom of the 4th over - 0 run(s), 1 hit(s), 0 error(s), 0 left on base; Waba 1 - Indiana 2 |
TOP OF THE 5TH |
Waba Ducks batting - Pitching for Indiana Hounds : RHP Bob Cunningham
|
Batting: LHB Daniel Carter
|
0-0: Foul Ball, location: 2F 0-1: SINGLE (Line Drive, 4D)
|
Batting: RHB Pedro Molina
|
0-0: Ball 1-0: Grounds into double play, 1-6-3 (Groundball, P)
|
Batting: LHB Sammy Marshall
|
0-0: Swinging Strike 0-1: Ground out 3-1 (Groundball, 34)
|
Top of the 5th over - 0 run(s), 1 hit(s), 0 error(s), 0 left on base; Waba 1 - Indiana 2 |
BOTTOM OF THE 5TH |
Indiana Hounds batting - Pitching for Waba Ducks : RHP Miguel Guerrero
|
Batting: RHB Francisco Tañón
|
0-0: Ball 1-0: Called Strike 1-1: Ground out 5-3 (Groundball, 56)
|
Batting: LHB Pepe Vázquez
|
0-0: Ball 1-0: Foul Ball, location: 2F 1-1: Foul Ball, location: 2F 1-2: Strikes out swinging
|
Batting: RHB Javier Martínez
|
0-0: Foul Ball, location: 2F 0-1: Ball 1-1: Called Strike 1-2: Strikes out looking
|
Bottom of the 5th over - 0 run(s), 0 hit(s), 0 error(s), 0 left on base; Waba 1 - Indiana 2 |
TOP OF THE 6TH |
Waba Ducks batting - Pitching for Indiana Hounds : RHP Bob Cunningham
|
Batting: RHB Tony Morton
|
0-0: Foul Ball, location: 2F 0-1: Called Strike 0-2: Ball 1-2: Ball 2-2: Fly out, F7 (Flyball, 7)
|
Batting: LHB Howard Evans
|
0-0: Ball 1-0: Called Strike 1-1: SINGLE (Groundball, 4D)
|
Batting: RHB Jeremy Flemming
|
0-0: Called Strike 0-1: Foul Ball, location: 2F 0-2: Ball 1-2: Fly out, F7 (Flyball, 78M)
|
Batting: RHB Kelly Graham
|
0-0: Ball 1-0: Swinging Strike 1-1: Ground out 1-3 (Groundball, 13)
|
Top of the 6th over - 0 run(s), 1 hit(s), 0 error(s), 1 left on base; Waba 1 - Indiana 2 |
BOTTOM OF THE 6TH |
Indiana Hounds batting - Pitching for Waba Ducks : RHP Miguel Guerrero
|
Batting: RHB Danny Walker
|
0-0: Ball 1-0: Foul Ball, location: 2F 1-1: Ball 2-1: Ball 3-1: Called Strike 3-2: Foul Ball, location: 2F 3-2: SOLO HOME RUN (Flyball, 7LD), Distance : 321 ft
|
Batting: RHB Jeff Jones
|
0-0: Ball 1-0: Ball 2-0: Called Strike 2-1: Ball 3-1: Fly out, F9 (Flyball, 89D)
|
Batting: LHB Denny Poole
|
0-0: Ball 1-0: DOUBLE (Groundball, 3L)
|
Pitching: RHP José Rivera
|
|
Batting: RHB Octávio Marín
|
0-0: Ball 1-0: Fly out, F9 (Flyball, 9)
|
Batting: LHB Dave Watson
|
0-0: Ball 1-0: Swinging Strike 1-1: Fly out, F7 (Flyball, 78M)
|
Bottom of the 6th over - 1 run(s), 2 hit(s), 0 error(s), 1 left on base; Waba 1 - Indiana 3 |
TOP OF THE 7TH |
Waba Ducks batting - Pitching for Indiana Hounds : RHP Bob Cunningham
|
Batting: RHB Paul Spencer
|
0-0: Ball 1-0: Foul Ball, location: 2F 1-1: Foul Ball, location: 2F 1-2: Foul Ball, location: 2F 1-2: Ball 2-2: SINGLE (Groundball, 4MD)
|
Batting: SHB Alex Aguilar
|
0-0: Bunted foul 0-1: Bunted foul 0-2: Strikes out swinging
|
Batting: LHB Daniel Carter
|
0-0: Ball 1-0: Ball 2-0: Ball 3-0: Called Strike 3-1: Swinging Strike 3-2: Foul Ball, location: 2F 3-2: Fielders Choice at 2nd, 4-6 (Groundball, 4)
|
Pitching: RHP François Boudreault
|
|
Batting: RHB Pedro Molina
|
0-0: Foul Ball, location: 2F 0-1: Swinging Strike 0-2: Ball 1-2: Ball 2-2: Strikes out looking
|
Top of the 7th over - 0 run(s), 1 hit(s), 0 error(s), 1 left on base; Waba 1 - Indiana 3 |
BOTTOM OF THE 7TH |
Indiana Hounds batting - Pitching for Waba Ducks : RHP José Rivera
|
Now at 1B: Fernando Cruz
|
|
Batting: LHB Pete Carter
|
0-0: Swinging Strike 0-1: Called Strike 0-2: Foul Ball, location: 2F 0-2: Ball 1-2: Strikes out looking
|
Batting: RHB Francisco Tañón
|
0-0: Called Strike 0-1: Ball 1-1: Ball 2-1: Called Strike 2-2: Ground out 4-3 (Groundball, 4)
|
Batting: LHB Pepe Vázquez
|
0-0: Called Strike 0-1: Foul Ball, location: 2F 0-2: Ball 1-2: Hit by Pitch
|
Pitching: RHP Bill Bygrove
|
|
Batting: RHB Javier Martínez
|
0-0: Ball 1-0: Swinging Strike 1-1: Ball 2-1: Swinging Strike 2-2: Strikes out swinging
|
Bottom of the 7th over - 0 run(s), 0 hit(s), 0 error(s), 1 left on base; Waba 1 - Indiana 3 |
TOP OF THE 8TH |
Waba Ducks batting - Pitching for Indiana Hounds : RHP François Boudreault
|
Batting: LHB Sammy Marshall
|
0-0: Foul Ball, location: 2F 0-1: Ball 1-1: Ball 2-1: Foul Ball, location: 2F 2-2: Ball 3-2: Base on Balls
|
Pitching: RHP Mike Meeks
|
|
Batting: RHB Tony Morton
|
0-0: Called Strike 0-1: Ball 1-1: Ball 2-1: Ball 3-1: SINGLE (Groundball, 56D) Sammy Marshall to second
|
Pitching: LHP Tatsui Tanaka
|
|
Batting: LHB Howard Evans
|
0-0: Ball 1-0: Ball 2-0: Fly out, F8 (Flyball, 8RS)
|
Pitching: RHP Rob Fields
|
|
Batting: RHB Jeremy Flemming
|
0-0: Fly out, F6 (Popup, 6S)
|
Batting: RHB Kelly Graham
|
0-0: Called Strike 0-1: Ball 1-1: Foul Ball, location: 2F 1-2: Ball 2-2: Ball 3-2: Strikes out swinging
|
Top of the 8th over - 0 run(s), 1 hit(s), 0 error(s), 2 left on base; Waba 1 - Indiana 3 |
BOTTOM OF THE 8TH |
Indiana Hounds batting - Pitching for Waba Ducks : RHP Bill Bygrove
|
Batting: RHB Danny Walker
|
0-0: Ball 1-0: Ball 2-0: SINGLE (Groundball, 34) (infield hit)
|
Batting: RHB Jeff Jones
|
0-0: Foul Ball, location: 2F 0-1: Foul Ball, location: 2F 0-2: Ball 1-2: Foul Ball, location: 2F 1-2: Foul Ball, location: 2F 1-2: Fly out, F9 (Flyball, 89M)
|
Pitching: LHP Felipe Rivera
|
|
Batting: LHB Denny Poole
|
0-0: Foul Ball, location: 2F 0-1: Ball 1-1: Called Strike 1-2: Foul Ball, location: 2F 1-2: Foul Ball, location: 2F 1-2: Ball 2-2: Strikes out swinging
|
Batting: RHB Octávio Marín
|
0-0: Ball 1-0: Called Strike 1-1: Fly out, F8 (Flyball, 8RD)
|
Bottom of the 8th over - 0 run(s), 1 hit(s), 0 error(s), 1 left on base; Waba 1 - Indiana 3 |
TOP OF THE 9TH |
Waba Ducks batting - Pitching for Indiana Hounds : RHP Rob Fields
|
Pitching: RHP Ronald Moore
|
|
Now at 1B: Dave Helásquez
|
|
Now in LF: Carlos Moya
|
|
Batting: LHB Fernando Cruz
|
0-0: Foul Ball, location: 2F 0-1: SINGLE (Line Drive, 7S)
|
Batting: SHB Alex Aguilar
|
0-0: SINGLE (Groundball, 34D) Fernando Cruz to second Runner from 2nd tries for 3rd, SAFE, throw made to third
|
Batting: LHB Daniel Carter
|
0-0: Ball 1-0: Ball 2-0: Called Strike 2-1: Called Strike 2-2: Strikes out swinging
|
Batting: RHB Pedro Molina
|
0-0: Called Strike 0-1: Ball 1-1: Fly out, F8 (Flyball, 8RM) Runner from 3rd tags up, SCORES, throw made
|
Batting: LHB Sammy Marshall
|
0-0: Called Strike 0-1: Called Strike 0-2: Ball 1-2: Foul Ball, location: 2F 1-2: Ball 2-2: DOUBLE (Line Drive, 78D) Alex Aguilar to third Runner from 3rd tries for Home, SAFE, no throw
|
Pitching: RHP Manuel Ferreira
|
|
Batting: RHB Tony Morton
|
0-0: Called Strike 0-1: Ball 1-1: Ball 2-1: Ball 3-1: Base on Balls
|
Batting: LHB Howard Evans
|
0-0: Ball 1-0: Called Strike 1-1: Swinging Strike 1-2: Ball 2-2: Foul Ball, location: 2F 2-2: Foul Ball, location: 2F 2-2: Foul Ball, location: 2F 2-2: Ball 3-2: Ground out 6-3 (Groundball, 6)
|
Top of the 9th over - 2 run(s), 3 hit(s), 0 error(s), 2 left on base; Waba 3 - Indiana 3 |
BOTTOM OF THE 9TH |
Indiana Hounds batting - Pitching for Waba Ducks : LHP Felipe Rivera
|
Pinch Hitting: RHB Doug Murray
|
0-0: Ground out 4-3 (Groundball, 4)
|
Pitching: RHP Bartolo Romo
|
|
Pinch Hitting: LHB John Cotton
|
0-0: Ball 1-0: Ball 2-0: Foul Ball, location: 2F 2-1: SOLO HOME RUN (Flyball, 89XD), Distance : 396 ft
|
Tuesday, August 8th, 2017 - OOTP Baseball 17.12 Build 75
|
|